[Event "Team 45 45 League T95"]
[Site "Internet Chess Club"]
[Date "2023.02.11"]
[Round "5"]
[White "isolani"]
[Black "burlap"]
[Result "1/2-1/2"]
[WhiteElo "1393"]
[BlackElo "1242"]
[Opening "Queen's pawn game, Zukertort variation"]
[ECO "A46"]
[Time "09:01:14"]
[PlyCount "53"]
[TimeControl "2700+45"]

1. Nf3 Nf6 2. d4 e6 3. Nbd2 d5 4. e3 c5 5. b3 Nc6 6. Bb2 Be7 7. a3 O-O 8. Bd3 b6
9. O-O Bb7 10. Re1 Qc7 11. e4 Rfe8 12. e5 Nd7 13. c3 f6 14. exf6 Bxf6 15. Nf1
cxd4 16. cxd4 e5 17. dxe5 Ncxe5 18. Nxe5 Nxe5 19. Bxe5 Bxe5 20. Ra2 Qc3 21. Rae2
Re7 22. Rc2 Bxh2+ 23. Kxh2 Qxe1 24. Qxe1 Rxe1 25. Rc7 Rxf1 26. Bxf1 Bc8 27. Kg3
{Game drawn by mutual agreement} 1/2-1/2

[Event "Team 45 45 League T95"]
[Site "Internet Chess Club"]
[Date "2023.02.10"]
[Round "5"]
[White "jcule"]
[Black "xingon"]
[Result "0-1"]
[WhiteElo "1341"]
[BlackElo "1332"]
[Opening "Torre attack (Tartakower variation)"]
[ECO "D03"]
[Time "15:03:47"]
[PlyCount "60"]
[TimeControl "2700+45"]

1. d4 Nf6 2. Nf3 d5 3. Bg5 e6 4. h3 c5 5. e3 Qb6 6. b3 Ne4 7. Bf4 Bd6 8. Bxd6
Qxd6 9. Bd3 Nd7 10. Bxe4 dxe4 11. Nfd2 f5 12. c3 O-O 13. O-O f4 14. Nxe4 Qc6 15.
Nbd2 fxe3 16. fxe3 e5 17. Rxf8+ Nxf8 18. Nxc5 exd4 19. cxd4 b6 20. Nce4 Ng6 21.
Qf3 Bb7 22. Ng5 Qc3 23. Qf7+ Kh8 24. Ne6 Qxa1+ 25. Kh2 Rg8 26. Qxb7 Qe1 27. Ne4
Qxe3 28. N4g5 h6 29. Nf7+ Kh7 30. Nf8+ Rxf8 {White resigns} 0-1

[Event "Team 45 45 League T95"]
[Site "Internet Chess Club"]
[Date "2023.02.10"]
[Round "5"]
[White "pandaknight"]
[Black "Fulmar"]
[Result "0-1"]
[WhiteElo "1172"]
[BlackElo "1244"]
[Opening "English: three knights system"]
[ECO "A27"]
[Time "22:12:27"]
[PlyCount "52"]
[TimeControl "2700+45"]

1. c4 e5 2. Nc3 Nc6 3. Nf3 g6 4. d3 Bg7 5. g3 Nge7 6. Bg2 d6 7. O-O O-O 8. a3 f5
9. e3 h6 10. Rb1 Be6 11. d4 Bxc4 12. b3 Bxf1 13. Kxf1 exd4 14. Nxd4 Nxd4 15.
exd4 d5 16. Be3 c6 17. Qd2 Kh7 18. b4 b5 19. Ne2 a5 20. Nf4 Rf6 21. Rc1 Nc8 22.
h4 axb4 23. Qxb4 Bf8 24. Qb1 Rxa3 25. Nd3 Nb6 26. Nc5 Nc4 {White resigns} 0-1

[Event "Team 45 45 League T95"]
[Site "Internet Chess Club"]
[Date "2023.02.08"]
[Round "5"]
[White "Lawkeito"]
[Black "fhunfi"]
[Result "1-0"]
[WhiteElo "1695"]
[BlackElo "1719"]
[Opening "Dutch defense"]
[ECO "A90"]
[Time "19:34:37"]
[PlyCount "65"]
[TimeControl "2700+45"]

1. d4 e6 2. c4 f5 3. g3 Nf6 4. Bg2 d5 5. Nf3 Be7 6. Ne5 Nbd7 7. Qc2 O-O 8. O-O
Nxe5 9. dxe5 Ng4 10. cxd5 exd5 11. f4 c6 12. e3 Qb6 13. Qd3 Be6 14. h3 Nh6 15.
Kh2 Kh8 16. b3 Rad8 17. Bb2 g5 18. Nc3 gxf4 19. exf4 Rg8 20. Ne2 Rg6 21. Nd4
Rdg8 22. Nxe6 Rxe6 23. g4 Rf8 24. g5 Ng8 25. h4 Bc5 26. a3 Bf2 27. h5 Qe3 28.
Qxe3 Bxe3 29. Rf3 d4 30. Rd1 c5 31. Rxe3 dxe3 32. Bd5 Rb6 33. e6+ {Black
resigns} 1-0

[Event "Team 45 45 League T95"]
[Site "Internet Chess Club"]
[Date "2023.02.10"]
[Round "5"]
[White "fireball"]
[Black "manfredo"]
[Result "0-1"]
[WhiteElo "1503"]
[BlackElo "1507"]
[Opening "Grünfeld with Bf4 & e3"]
[ECO "D93"]
[Time "17:31:24"]
[PlyCount "122"]
[TimeControl "2700+45"]

1. d4 Nf6 2. c4 g6 3. Nc3 d5 4. Nf3 Bg7 5. Bf4 O-O 6. e3 c5 7. dxc5 Qa5 8. Qb3
Ne4 9. Be5 f6 10. Bxb8 Rxb8 11. Qb5 Qxb5 12. Nxb5 Nxc5 13. Nxa7 Be6 14. cxd5
Bxd5 15. Nb5 f5 16. Nc3 Bxc3+ 17. bxc3 Ra8 18. c4 Be4 19. Nd2 Nd3+ 20. Bxd3 Bxd3
21. f3 Rfc8 22. Kf2 Bxc4 23. Rhc1 Bf7 24. Rxc8+ Rxc8 25. Ke1 Rc2 26. Rb1 Bd5 27.
e4 fxe4 28. fxe4 Bc6 29. a3 Ra2 30. Rb3 Ra1+ 31. Ke2 Ra2 32. Ke3 Kf7 33. g3 Kf6
34. Nf3 e5 35. h4 Ra1 36. g4 h5 37. g5+ Ke6 38. Rc3 Ba4 39. Rc7 Rxa3+ 40. Kf2
Ra2+ 41. Kg3 Bc6 42. Rg7 Bxe4 43. Nh2 Ra3+ 44. Kf2 Rh3 45. Nf1 Rxh4 46. Ng3 Rh2+
47. Ke3 Rh3 48. Kxe4 Rxg3 49. Rxg6+ Kf7 50. Rh6 Rxg5 51. Rh7+ Kg6 52. Rxb7 h4
53. Rb2 h3 54. Rh2 Rh5 55. Ke3 Kf5 56. Kf3 Rh4 57. Kg3 Kg5 58. Rxh3 Rxh3+ 59.
Kxh3 Kf4 60. Kg2 Ke3 61. Kf1 Kd2 {White resigns} 0-1

[Event "Team 45 45 League T95"]
[Site "Internet Chess Club"]
[Date "2023.02.09"]
[Round "5"]
[White "fvafier"]
[Black "vollmerj"]
[Result "1-0"]
[WhiteElo "1508"]
[BlackElo "1525"]
[Opening "King's Indian, 3.Nf3"]
[ECO "E60"]
[Time "11:00:26"]
[PlyCount "108"]
[TimeControl "2700+45"]

1. d4 Nf6 2. Nf3 g6 3. c4 c5 4. d5 Bg7 5. Nc3 a6 6. e4 d6 7. Bd3 O-O 8. O-O e6
9. Bg5 exd5 10. exd5 Qb6 11. Qd2 Bg4 12. Be2 Nbd7 13. h3 Bxf3 14. Bxf3 Ne5 15.
Be2 Qb4 16. b3 Nfd7 17. Ne4 Qxd2 18. Nxd2 f5 19. Rad1 Bf6 20. Bf4 g5 21. Bh2 f4
22. f3 Rae8 23. Ne4 Be7 24. g3 Ng6 25. Bd3 fxg3 26. Bxg3 Nf4 27. Kh2 Ne5 28.
Bxf4 Rxf4 29. Be2 Ref8 30. Kg3 Ng6 31. Rde1 Nh4 32. Bd1 Nf5+ 33. Kg2 Nd4 34.
Nxc5 Bf6 35. Nxb7 Be5 36. c5 Nf5 37. cxd6 Nh4+ 38. Kh1 Bd4 39. d7 Bb6 40. Re8 h5
41. d8=Q Bxd8 42. Rxd8 Rxd8 43. Nxd8 g4 44. Ne6 Rf6 45. hxg4 hxg4 46. Rg1 Kf7
47. Rxg4 Nf5 48. Ra4 Ne3 49. Be2 Rh6+ 50. Kg1 Nxd5 51. Ng5+ Ke7 52. Rxa6 Nc3 53.
Rxh6 Nxe2+ 54. Kf2 Nf4 {Black resigns} 1-0

[Event "Team 45 45 League T95"]
[Site "Internet Chess Club"]
[Date "2023.02.11"]
[Round "5"]
[White "smsxman"]
[Black "Denis240964"]
[Result "1-0"]
[WhiteElo "1334"]
[BlackElo "1366"]
[Opening "Scotch game"]
[ECO "C45"]
[Time "19:00:32"]
[PlyCount "103"]
[TimeControl "2700+45"]

1. e4 e5 2. Nf3 Nc6 3. d4 exd4 4. Nxd4 Nxd4 5. Qxd4 d6 6. Nc3 Nf6 7. f3 Be7 8.
Be3 O-O 9. O-O-O Be6 10. g4 Ne8 11. h4 Bxh4 12. Nd5 Bxd5 13. Qxd5 Bf6 14. g5 c6
15. Qf5 g6 16. Qh3 h5 17. gxf6 Qxf6 18. Bd3 Ng7 19. Rdg1 Rfe8 20. Bh6 Kh7 21.
Bxg7 Kxg7 22. Qxh5 Rh8 23. Qg4 Kf8 24. Rxh8+ Qxh8 25. Qd7 Qh2 26. Rf1 Qf4+ 27.
Kb1 d5 28. Qxb7 Rb8 29. Qxa7 Qe5 30. Qa3+ Kg7 31. f4 Qd4 32. e5 c5 33. Ka1 c4
34. Be2 Qd2 35. Bg4 Qxc2 36. Qc3 Qe4 37. e6+ f6 38. Qe1 Qd4 39. Qc3 Qxc3 40.
bxc3 f5 41. Bf3 Rd8 42. Re1 Kf6 43. e7 Re8 44. Bxd5 Rxe7 45. Rxe7 Kxe7 46. Bxc4
Kd6 47. Kb2 Kc5 48. Bf7 g5 49. fxg5 f4 50. Bh5 Kd5 51. g6 Ke5 52. g7 {Black
resigns} 1-0

[Event "Team 45 45 League T95"]
[Site "Internet Chess Club"]
[Date "2023.02.12"]
[Round "5"]
[White "bobhill"]
[Black "ElValero"]
[Result "0-1"]
[WhiteElo "1792"]
[BlackElo "1664"]
[Opening "Queen's pawn game"]
[ECO "D02"]
[Time "15:03:44"]
[PlyCount "86"]
[TimeControl "2700+45"]

1. d4 d5 2. Nf3 g6 3. Bg5 Bg7 4. e3 c5 5. c3 Qb6 6. Qb3 c4 7. Qxb6 axb6 8. Be2
Nc6 9. Na3 Nf6 10. Nb5 O-O 11. O-O Bf5 12. Bxf6 Bxf6 13. Rfc1 Ra5 14. a4 Rfa8
15. Bd1 Na7 16. Nxa7 R8xa7 17. b4 cxb3 18. Bxb3 Bd7 19. c4 dxc4 20. Bxc4 b5 21.
Bf1 bxa4 22. e4 e6 23. e5 Be7 24. Nd2 Bg5 25. Rc7 b5 26. Rxa7 Rxa7 27. Ne4 Be7
28. g4 a3 29. g5 Bc6 30. Nf6+ Bxf6 31. exf6 h5 32. d5 exd5 33. Bd3 b4 34. Kf1 b3
35. Ke1 b2 36. Ra2 Bb5 37. Bb1 Bc4 38. Kd2 Bxa2 39. Bxa2 Rc7 40. f4 Rc1 41. f5
b1=Q 42. Bxb1 Rxb1 43. fxg6 fxg6 {White resigns} 0-1

[Event "Team 45 45 League T95"]
[Site "Internet Chess Club"]
[Date "2023.02.11"]
[Round "5"]
[White "Portola"]
[Black "Beetlejuice"]
[Result "1/2-1/2"]
[WhiteElo "1783"]
[BlackElo "1715"]
[Opening "Dutch, 2.Bg5 variation"]
[ECO "A80"]
[Time "08:00:33"]
[PlyCount "61"]
[TimeControl "2700+45"]

1. d4 f5 2. Bg5 h6 3. Bh4 g5 4. Bg3 Bg7 5. e3 Nf6 6. c3 d6 7. Nd2 Nc6 8. Bc4 e6
9. Ne2 Qe7 10. Qc2 Bd7 11. a4 Nh5 12. b4 a6 13. Bd3 Qf6 14. O-O Ne7 15. f3 Nxg3
16. Nxg3 Qf7 17. b5 axb5 18. axb5 O-O 19. c4 c5 20. Ne2 Rfc8 21. Qb3 Qe8 22.
Rfe1 Kf8 23. Ra3 Rxa3 24. Qxa3 Ra8 25. Qb2 Qb8 26. Ra1 Ra7 27. Nb3 Kf7 28. Nc3
b6 29. Ra6 Bc8 30. Rxa7 Qxa7 31. Qa2 {Game drawn by mutual agreement} 1/2-1/2

[Event "Team 45 45 League T95"]
[Site "Internet Chess Club"]
[Date "2023.02.09"]
[Round "5"]
[White "discipulo"]
[Black "QuieroAprender"]
[Result "1/2-1/2"]
[WhiteElo "1701"]
[BlackElo "1622"]
[Opening "English opening"]
[ECO "A20"]
[Time "11:14:54"]
[PlyCount "40"]
[TimeControl "2700+45"]

1. c4 e5 2. g3 Nf6 3. Bg2 d5 4. cxd5 Nxd5 5. Nf3 Nc6 6. O-O Nb6 7. d3 Be6 8.
Nbd2 h5 9. h4 Be7 10. Ne4 f6 11. a3 Qd7 12. b4 O-O 13. Bb2 Rad8 14. Rc1 a6 15.
Qc2 Nd5 16. e3 Bh3 17. Nc5 Bxc5 18. Qxc5 Bxg2 19. Kxg2 Qg4 20. Qc4 Qxc4 {Game
drawn by mutual agreement} 1/2-1/2

[Event "Team 45 45 League T95"]
[Site "Internet Chess Club"]
[Date "2023.02.12"]
[Round "5"]
[White "Gilguli"]
[Black "ivanson"]
[Result "0-1"]
[WhiteElo "1417"]
[BlackElo "1569"]
[Opening "Vienna: Paulsen-Mieses variation"]
[ECO "C26"]
[Time "14:45:59"]
[PlyCount "44"]
[TimeControl "2700+45"]

1. e4 e5 2. Nc3 Nf6 3. g3 d5 4. Bg2 d4 5. Nce2 d3 6. cxd3 Qxd3 7. f3 Nc6 8. a3
Bc5 9. Bf1 O-O 10. b4 Bb6 11. Nc3 Qd4 12. Qe2 Be6 13. Bb2 Qd7 14. Na4 Bxg1 15.
Rxg1 Nd4 16. Bxd4 Qxd4 17. O-O-O Qxg1 18. d4 Bb3 19. Re1 Qxd4 20. Nc5 Qa1+ 21.
Kd2 Qb2+ 22. Ke3 Qd4# {White checkmated} 0-1

[Event "Team 45 45 League T95"]
[Site "Internet Chess Club"]
[Date "2023.02.09"]
[Round "5"]
[White "fileman"]
[Black "room-matt"]
[Result "1-0"]
[WhiteElo "1792"]
[BlackElo "1776"]
[Opening "Queen's pawn game, Darooha variation "]
[ECO "D02"]
[Time "14:08:00"]
[PlyCount "99"]
[TimeControl "2700+45"]

1. d4 Nf6 2. Nf3 d5 3. g3 c6 4. Bg2 Bg4 5. O-O Nbd7 6. c4 e6 7. h3 Bh5 8. cxd5
exd5 9. Nc3 Be7 10. Ne5 Nxe5 11. dxe5 Nd7 12. f4 Bc5+ 13. Kh2 h6 14. g4 Bg6 15.
f5 Bh7 16. Bf4 O-O 17. e4 d4 18. Ne2 Qb6 19. b4 Qxb4 20. Rb1 Qc4 21. Rxb7 Rad8
22. Nc1 Qa6 23. Rb1 Rfe8 24. Nd3 Ba3 25. Qc2 c5 26. g5 hxg5 27. Bxg5 Rc8 28. Bf4
c4 29. Nb4 Qa5 30. Nd5 Nxe5 31. Bxe5 Rxe5 32. Rb7 Bd6 33. Kh1 d3 34. Qd1 Qxa2
35. Qh5 Bg6 36. Qg4 Qa6 37. Rfb1 Bxf5 38. exf5 Bf8 39. R7b6 Qxb6 40. Rxb6 Rxd5
41. Bxd5 axb6 42. Bxc4 d2 43. Be2 Rc1+ 44. Kg2 Bc5 45. Bd1 b5 46. f6 g6 47. Kf1
Rb1 48. Qc8+ Kh7 49. Ke2 Bb4 50. Qb7 {Black resigns} 1-0

[Event "Team 45 45 League T95"]
[Site "Internet Chess Club"]
[Date "2023.02.11"]
[Round "5"]
[White "Packerfan"]
[Black "Redman1"]
[Result "0-1"]
[WhiteElo "1707"]
[BlackElo "1646"]
[Opening "French: Winawer, advance, Bogolyubov variation"]
[ECO "C17"]
[Time "10:00:49"]
[PlyCount "54"]
[TimeControl "2700+45"]

1. e4 e6 2. d4 d5 3. Nc3 Bb4 4. e5 c5 5. Bd2 cxd4 6. Nb5 Bf8 7. f4 Nc6 8. Nf3
Bc5 9. a3 a6 10. b4 axb5 11. bxc5 Nh6 12. Bxb5 Nf5 13. O-O Bd7 14. g4 Ne3 15.
Bxe3 dxe3 16. Qd3 d4 17. Bxc6 Bxc6 18. Qxd4 e2 19. Rf2 Bxf3 20. Qc3 Qd1+ 21. Qe1
Qxe1+ 22. Rxe1 Rxa3 23. g5 Ke7 24. h4 Rd8 25. Rh2 Rd1 26. Kf2 Rxe1 27. Kxe1 Ra1+
{White resigns} 0-1

[Event "Team 45 45 League T95"]
[Site "Internet Chess Club"]
[Date "2023.02.11"]
[Round "5"]
[White "MrAbendroth"]
[Black "RD1974"]
[Result "1-0"]
[WhiteElo "1678"]
[BlackElo "1572"]
[Opening "French: classical, Steinitz variation"]
[ECO "C14"]
[Time "11:00:34"]
[PlyCount "47"]
[TimeControl "2700+45"]

1. e4 e6 2. d4 d5 3. Nc3 Nf6 4. Bg5 Be7 5. e5 Nfd7 6. Bxe7 Qxe7 7. f4 c5 8. Nf3
a6 9. Ne2 Nc6 10. c3 O-O 11. Qd2 f6 12. Rd1 fxe5 13. fxe5 cxd4 14. cxd4 Rf5 15.
Ng3 Rf8 16. Bd3 Qb4 17. O-O Qxd2 18. Rxd2 Rf4 19. Nh5 Rh4 20. Nxh4 Nf8 21. Bb1
Bd7 22. Rdf2 Nxd4 23. Rxf8+ Rxf8 24. Bxh7+ {Black resigns} 1-0

[Event "Team 45 45 League T95"]
[Site "Internet Chess Club"]
[Date "2023.02.11"]
[Round "5"]
[White "sdcohle"]
[Black "trogers41"]
[Result "1/2-1/2"]
[WhiteElo "1342"]
[BlackElo "1358"]
[Opening "Ruy Lopez: Wormald (Alapin) attack"]
[ECO "C77"]
[Time "15:01:21"]
[PlyCount "84"]
[TimeControl "2700+45"]

1. e4 e5 2. Nf3 Nc6 3. Bb5 a6 4. Ba4 Nf6 5. Qe2 b5 6. Bb3 Be7 7. c3 d6 8. h3 O-O
9. O-O Na5 10. Bc2 c5 11. d4 cxd4 12. cxd4 Nc6 13. dxe5 dxe5 14. Be3 Bb7 15. Rd1
Qc7 16. Nc3 Rad8 17. Rxd8 Rxd8 18. Rd1 h6 19. a4 b4 20. Nd5 Nxd5 21. exd5 Nd4
22. Nxd4 exd4 23. Bxd4 Bxd5 24. Qg4 Bg5 25. Qf5 g6 26. Qd3 Bc4 27. Qf3 Bd5 28.
Be4 Bxe4 29. Qxe4 a5 30. Re1 Kf8 31. b3 Qd6 32. Be3 Bxe3 33. Qxe3 Kg7 34. Qe5+
Qxe5 35. Rxe5 Rd1+ 36. Kh2 Rd3 37. Rxa5 Rxb3 38. Rb5 Rb2 39. f3 b3 40. a5 h5 41.
a6 Ra2 42. Rxb3 Rxa6 {Game drawn by mutual agreement} 1/2-1/2

[Event "Team 45 45 League T95"]
[Site "Internet Chess Club"]
[Date "2023.02.11"]
[Round "5"]
[White "Fulmar"]
[Black "Tjet"]
[Result "0-1"]
[WhiteElo "1227"]
[BlackElo "1238"]
[Opening "King's pawn opening"]
[ECO "B07"]
[Time "15:09:48"]
[PlyCount "82"]
[TimeControl "2700+45"]

1. e4 d6 2. Nc3 Nf6 3. g3 e5 4. Bg2 c5 5. Nge2 Nc6 6. d3 Be7 7. O-O O-O 8. h3 a6
9. a4 Be6 10. f4 exf4 11. Nxf4 Ne5 12. Bd2 Rb8 13. Ncd5 Nxd5 14. exd5 Bd7 15.
Be3 Bg5 16. b3 Ng6 17. Qh5 Nxf4 18. Bxf4 Bxf4 19. Rxf4 g6 20. Qf3 Qe7 21. Rf1
Rbe8 22. Re4 Qd8 23. Rfe1 Rxe4 24. Rxe4 Kg7 25. Kh2 f5 26. Re3 Re8 27. h4 Rxe3
28. Qxe3 Qe8 29. Qxe8 Bxe8 30. a5 Kf6 31. Bf3 Ke5 32. Kg2 Kd4 33. g4 Bd7 34. g5
Ke3 35. Kg3 f4+ 36. Kg2 Kd2 37. Be4 Ke3 38. Bxg6 f3+ 39. Kf1 Bh3+ 40. Ke1 f2+
41. Kd1 f1=Q# {White checkmated} 0-1

[Event "Team 45 45 League T95"]
[Site "Internet Chess Club"]
[Date "2023.02.10"]
[Round "5"]
[White "woofgang"]
[Black "PsyMar"]
[Result "1/2-1/2"]
[WhiteElo "1168"]
[BlackElo "1242"]
[Opening "Ponziani: Jaenisch counter-attack"]
[ECO "C44"]
[Time "13:00:54"]
[PlyCount "44"]
[TimeControl "2700+45"]

1. e4 e5 2. Nf3 Nc6 3. c3 Nf6 4. d4 exd4 5. e5 Ng4 6. cxd4 d5 7. Nc3 Bb4 8. Bb5
O-O 9. O-O f6 10. h3 fxe5 11. hxg4 Bxg4 12. Bxc6 bxc6 13. dxe5 d4 14. Qxd4 Qc8
15. Qxb4 Rxf3 16. gxf3 Bxf3 17. Qf4 Qh3 18. Qh2 Qg4+ 19. Qg3 Qh5 20. Qh2 Qg4+
21. Qg3 Qh5 22. Qh2 Qg4+ {Game drawn by repetition} 1/2-1/2

[Event "Team 45 45 League T95"]
[Site "Internet Chess Club"]
[Date "2023.02.13"]
[Round "5"]
[White "BlueStorm"]
[Black "Megasus"]
[Result "1/2-1/2"]
[WhiteElo "1476"]
[BlackElo "1439"]
[Opening "Sicilian: Katalimov variation"]
[ECO "B27"]
[Time "13:05:41"]
[PlyCount "48"]
[TimeControl "2700+45"]

1. e4 c5 2. Nf3 b6 3. d3 Qc7 4. g3 Bb7 5. Bg2 e6 6. a3 a6 7. Bf4 d6 8. c3 h6 9.
h4 Nd7 10. Nbd2 Ngf6 11. Qe2 b5 12. O-O e5 13. Be3 Ng4 14. Bh3 Nxe3 15. Qxe3 Nf6
16. Nh2 Bc8 17. Bg2 Be7 18. Rac1 g5 19. Ndf3 g4 20. Nd2 Be6 21. d4 c4 22. d5 Bd7
23. f4 h5 24. f5 a5 {Game drawn by mutual agreement} 1/2-1/2

[Event "Team 45 45 League T95"]
[Site "Internet Chess Club"]
[Date "2023.02.11"]
[Round "5"]
[White "ChessG2011"]
[Black "BrerRabbit"]
[Result "1-0"]
[WhiteElo "1404"]
[BlackElo "1311"]
[Opening "Scandinavian (center counter) defense"]
[ECO "B01"]
[Time "19:03:48"]
[PlyCount "55"]
[TimeControl "2700+45"]

1. e4 d5 2. exd5 Qxd5 3. Nc3 Qd8 4. Nf3 Nf6 5. Bc4 a6 6. Ng5 e6 7. O-O b5 8. Bb3
c5 9. d3 c4 10. dxc4 Qxd1 11. Rxd1 b4 12. Nce4 Nxe4 13. Nxe4 Nc6 14. Nd6+ Bxd6
15. Rxd6 Na5 16. Ba4+ Ke7 17. Rd4 Rd8 18. Rxd8 Kxd8 19. Bb3 Nxb3 20. axb3 Ra7
21. Bd2 a5 22. Bxb4 Rd7 23. Bxa5+ Ke7 24. Bb4+ Kf6 25. Bc3+ Kg6 26. Kf1 f6 27.
Ke2 e5 28. Rd1 {Black resigns} 1-0

[Event "Team 45 45 League T95"]
[Site "Internet Chess Club"]
[Date "2023.02.10"]
[Round "5"]
[White "smsxman"]
[Black "Pawnchain"]
[Result "1/2-1/2"]
[WhiteElo "1307"]
[BlackElo "1435"]
[Opening "French defense"]
[ECO "C00"]
[Time "14:00:20"]
[PlyCount "156"]
[TimeControl "2700+45"]

1. e4 e6 2. Nf3 d5 3. exd5 exd5 4. d4 Bd6 5. Nc3 c6 6. g3 Ne7 7. Bg2 Nd7 8. O-O
O-O 9. Bg5 f6 10. Be3 Re8 11. a3 Nf5 12. Re1 Nf8 13. Na2 Ne6 14. c3 Bd7 15. Qd3
Nxe3 16. Rxe3 Nf8 17. Rae1 Rxe3 18. Rxe3 Qc8 19. c4 dxc4 20. Qxc4+ Kh8 21. Nc3
Be6 22. d5 Bxd5 23. Nxd5 cxd5 24. Qxd5 Qc7 25. Nh4 Rd8 26. Qxb7 Qxb7 27. Bxb7
Be5 28. b3 Ne6 29. Nf3 Nc5 30. Nxe5 fxe5 31. Rxe5 Nxb7 32. Re7 Nc5 33. b4 Nb3
34. Rxa7 h5 35. b5 Rb8 36. a4 Nc5 37. Kg2 Nxa4 38. Rxa4 Rxb5 39. h4 g5 40. Ra8+
Kh7 41. Ra7+ Kh6 42. hxg5+ Kxg5 43. f4+ Kg6 44. Ra6+ Kf5 45. Ra8 Rb2+ 46. Kh3
Rd2 47. Rf8+ Kg6 48. Rg8+ Kh7 49. Re8 Kg6 50. Re5 Rc2 51. Rg5+ Kh6 52. Re5 Kg6
53. Rg5+ Kh6 54. Rg8 Rf2 55. Rh8+ Kg6 56. Rc8 Rd2 57. g4 hxg4+ 58. Kxg4 Rd4 59.
Rc5 Rd2 60. Kf3 Rd1 61. Rg5+ Kf6 62. Ra5 Rf1+ 63. Kg3 Rg1+ 64. Kf2 Rg4 65. Kf3
Rh4 66. Ra6+ Kf5 67. Ra5+ Kf6 68. Kg3 Rh1 69. Rb5 Rg1+ 70. Kf2 Rg4 71. Kf3 Rg1
72. Ke4 Re1+ 73. Kf3 Rf1+ 74. Kg3 Rg1+ 75. Kf2 Rg4 76. Kf3 Rg1 77. Rb6+ Kf5 78.
Rb5+ Kf6 {Game drawn by repetition} 1/2-1/2

[Event "Team 45 45 League T95"]
[Site "Internet Chess Club"]
[Date "2023.02.09"]
[Round "5"]
[White "Toalla"]
[Black "Ostap-Bender"]
[Result "0-1"]
[WhiteElo "1131"]
[BlackElo "1223"]
[Opening "Sicilian defense"]
[ECO "B40"]
[Time "18:04:51"]
[PlyCount "50"]
[TimeControl "2700+45"]

1. e4 c5 2. Nf3 e6 3. Bc4 a6 4. a4 d5 5. exd5 exd5 6. Qe2+ Be7 7. Ba2 Nf6 8. d3
O-O 9. O-O Nc6 10. Bg5 h6 11. Bxf6 Bxf6 12. c3 Re8 13. Qc2 Be6 14. Nbd2 b5 15.
Bb1 d4 16. axb5 axb5 17. Rxa8 Qxa8 18. Nb3 Qa7 19. Re1 Rd8 20. Nbd2 Qd7 21. Ne4
Be7 22. cxd4 Nxd4 23. Nxc5 Nxc2 24. Nxd7 Nxe1 25. Nxe1 Rxd7 {White resigns} 0-1

[Event "Team 45 45 League T95"]
[Site "Internet Chess Club"]
[Date "2023.02.12"]
[Round "5"]
[White "Portola"]
[Black "scostanzo212"]
[Result "1-0"]
[WhiteElo "1795"]
[BlackElo "1531"]
[Opening "Queen's pawn game, Darooha variation "]
[ECO "D02"]
[Time "13:01:54"]
[PlyCount "45"]
[TimeControl "2700+45"]

1. d4 d5 2. Nf3 Nf6 3. c3 c5 4. e3 Nc6 5. Bd3 e6 6. Nbd2 b6 7. O-O Bd6 8. Qe2
O-O 9. a3 Bb7 10. e4 dxe4 11. Nxe4 Nxe4 12. Qxe4 g6 13. Ng5 Qf6 14. Qh4 Qh8 15.
Be3 cxd4 16. cxd4 e5 17. d5 Ne7 18. Ne4 Nf5 19. Nf6+ Kg7 20. Bxf5 h5 21. Be4 Be7
22. Bg5 Rfd8 23. d6 {Black resigns} 1-0

[Event "Team 45 45 League T95"]
[Site "Internet Chess Club"]
[Date "2023.02.10"]
[Round "5"]
[White "Signofthetimes"]
[Black "rubo"]
[Result "1-0"]
[WhiteElo "1537"]
[BlackElo "1512"]
[Opening "Caro-Kann defense"]
[ECO "B10"]
[Time "21:01:09"]
[PlyCount "115"]
[TimeControl "2700+45"]

1. e4 c6 2. Nf3 d5 3. exd5 cxd5 4. d4 Nc6 5. Bb5 Bg4 6. h3 Bxf3 7. Qxf3 e6 8.
O-O Nf6 9. Bg5 Be7 10. Nd2 O-O 11. c3 h6 12. Bh4 Qb6 13. Bxc6 bxc6 14. b4 a5 15.
a3 Ra7 16. Rab1 axb4 17. axb4 Ra2 18. Nb3 Rfa8 19. Nc5 Qc7 20. Bg3 Qa7 21. Be5
Bxc5 22. Bxf6 Be7 23. Bxe7 Qxe7 24. Rfe1 Qd7 25. Re2 Ra1 26. Rxa1 Rxa1+ 27. Kh2
Qc7+ 28. g3 Qa7 29. Rc2 Rb1 30. Qe2 Qa1 31. Kg2 Rh1 32. h4 Rg1+ 33. Kf3 Qb1 34.
Ra2 Re1 35. Qc2 Qxc2 36. Rxc2 Ra1 37. Ke3 Ra3 38. Kd2 f6 39. c4 Rf3 40. Kc1 Rb3
41. cxd5 cxd5 42. Rb2 Rxb2 43. Kxb2 Kf7 44. f4 h5 45. Kc3 Ke7 46. b5 Kd7 47. Kb4
Kd6 48. Ka5 Kc7 49. b6+ Kc8 50. Kb5 Kb7 51. Kc5 Kb8 52. Kd6 Kb7 53. Kxe6 Kxb6
54. Kxd5 Kc7 55. Ke6 Kc6 56. d5+ Kc7 57. Ke7 f5 58. d6+ {Black resigns} 1-0

[Event "Team 45 45 League T95"]
[Site "Internet Chess Club"]
[Date "2023.02.13"]
[Round "5"]
[White "nosir"]
[Black "tightfist"]
[Result "1/2-1/2"]
[WhiteElo "1501"]
[BlackElo "1346"]
[Opening "Queen's pawn: London system"]
[ECO "A45"]
[Time "18:11:08"]
[PlyCount "128"]
[TimeControl "2700+45"]

1. d4 Nf6 2. Bf4 e6 3. e3 c5 4. c3 Nc6 5. Nf3 Qb6 6. Qc2 d6 7. Nbd2 Be7 8. Nc4
Qd8 9. Bd3 h6 10. h4 b6 11. e4 Bb7 12. e5 dxe5 13. Ncxe5 Nxe5 14. Nxe5 O-O 15.
O-O-O cxd4 16. Kb1 Bc5 17. f3 Kh8 18. g4 dxc3 19. g5 Nd5 20. Be4 Qe8 21. Bc1 Rb8
22. gxh6 f5 23. hxg7+ Kxg7 24. Qg2+ Kh7 25. Qg5 Ne3 26. Bxb7 c2+ 27. Ka1 cxd1=Q
28. Rxd1 Rxb7 29. Bxe3 Bxe3 30. Qxe3 Rg8 31. Qf2 Qh5 32. Nd7 Qf7 33. Ne5 Qg7 34.
Qe3 Qg3 35. h5 Rbg7 36. Ng6 Rxg6 37. hxg6+ Rxg6 38. a4 e5 39. Rh1+ Kg7 40. Qc3
Rf6 41. Qc7+ Rf7 42. Rh7+ Kxh7 43. Qxf7+ Qg7 44. Qxf5+ Kh8 45. Qh5+ Kg8 46. Qe8+
Kh7 47. Ka2 Qg8+ 48. Qxg8+ Kxg8 49. Kb3 Kf7 50. Kc4 Ke6 51. b4 a6 52. b5 axb5+
53. Kxb5 Kf5 54. Kxb6 Kf4 55. a5 Kxf3 56. a6 e4 57. a7 e3 58. a8=Q+ Kf2 59. Qf8+
Ke1 60. Kc5 e2 61. Kd4 Kd1 62. Kc4 e1=Q 63. Qd6+ Qd2 64. Qxd2+ Kxd2 {Game drawn
because neither player has mating material} 1/2-1/2

[Event "Team 45 45 League T95"]
[Site "Internet Chess Club"]
[Date "2023.02.09"]
[Round "5"]
[White "Kingofknights"]
[Black "g8wrb"]
[Result "1-0"]
[WhiteElo "1520"]
[BlackElo "1296"]
[Opening "Nimzo-Indian: 4.e3 O-O, 5.Bd3"]
[ECO "E47"]
[Time "12:00:35"]
[PlyCount "113"]
[TimeControl "2700+45"]

1. d4 e6 2. c4 Nf6 3. Nc3 Bb4 4. e3 O-O 5. Bd3 c5 6. Ne2 cxd4 7. exd4 Nc6 8. O-O
b6 9. Ne4 Bb7 10. Bg5 Be7 11. Qc2 h6 12. Nxf6+ Bxf6 13. Be3 Nb4 14. Qd2 Nxd3 15.
Qxd3 Rc8 16. Nf4 Qc7 17. Rac1 d6 18. Nh5 Qe7 19. b3 Bg5 20. f4 Bf6 21. Rce1 g6
22. Nxf6+ Qxf6 23. Rf2 Qf5 24. Qxf5 gxf5 25. Bc1 Kh7 26. Ba3 Rcd8 27. Rd2 Rg8
28. d5 Rg6 29. g3 Bc8 30. dxe6 Rxe6 31. Rxe6 fxe6 32. Rxd6 Rxd6 33. Bxd6 Kg8 34.
Kf2 Kf7 35. Ke3 h5 36. Kd4 Ke8 37. b4 Kd7 38. Ke5 Ke8 39. c5 bxc5 40. bxc5 Bd7
41. Kf6 Kd8 42. Kg5 Be8 43. c6 Kc8 44. c7 Kb7 45. Kf6 Bd7 46. Ke7 Kc8 47. Be5 a6
48. a3 a5 49. h3 a4 50. h4 Bc6 51. Kxe6 Bd7+ 52. Kf6 Kb7 53. Kg5 Bc6 54. Kxh5
Bf3+ 55. Kg6 Bg4 56. h5 Kc8 57. h6 {Black resigns} 1-0